PCL
CALGARY COWBOYS @ MILE HIGH BRONCOS
06/22/2024
 
TOP OF THE 1ST
Calgary Cowboys batting - Pitching for Mile High Broncos : RHP John Burris
Pitching: RHP John Burris
Batting: RHB Clark Hodge 0-0: Called Strike
0-1: Called Strike
0-2: Strikes out swinging
Batting: RHB Mike Wilcox 0-0: Swinging Strike
0-1: Swinging Strike
0-2: Foul Ball, location: 2F
0-2: Ball
1-2: Ball
2-2: Foul Ball, location: 2F
2-2: Ball
3-2: Ground out 4-3 (Groundball, 4M)
Batting: RHB Dan Wyatt 0-0: Called Strike
0-1: Ball
1-1: Foul Ball, location: 2F
1-2: Ball
2-2: Ball
3-2: Foul Ball, location: 2F
3-2: Foul Ball, location: 2F
3-2: Foul Ball, location: 2F
3-2: Foul Ball, location: 2F
3-2: Foul Ball, location: 2F
3-2: Foul Ball, location: 2F
3-2: Base on Balls
Batting: RHB Ramón Martínez 0-0: Fly out, F9 (Flyball, 9M)
Top of the 1st over - 0 run(s), 0 hit(s), 0 error(s), 1 left on base; Calgary 0 - Mile High 0
BOTTOM OF THE 1ST
Mile High Broncos batting - Pitching for Calgary Cowboys : RHP Bert Killick
Pitching: RHP Bert Killick
Batting: RHB Juan Gonzáles 0-0: Ball
1-0: Ball
2-0: Ball
3-0: Base on Balls
Batting: RHB Juan Jose Guevana 0-0: Ball
1-0: Ball
2-0: Ball
3-0: Called Strike
3-1: Grounds into double play, U3-6 (Groundball, 3L)
Batting: RHB José Herrera 0-0: Ball
1-0: Foul Ball, location: 2F
1-1: Swinging Strike
1-2: Ground out 4-3 (Groundball, 4MS)
Bottom of the 1st over - 0 run(s), 0 hit(s), 0 error(s), 0 left on base; Calgary 0 - Mile High 0
TOP OF THE 2ND
Calgary Cowboys batting - Pitching for Mile High Broncos : RHP John Burris
Batting: RHB Derek Carr 0-0: Called Strike
0-1: Ball
1-1: Ground out 5-3 (Groundball, 5S)
Batting: LHB Freddy Herrera 0-0: Fly out, F6 (Line Drive, 6M)
Batting: RHB Shayne Burry 0-0: Called Strike
0-1: Fly out, F9 (Flyball, 9D)
Top of the 2nd over - 0 run(s), 0 hit(s), 0 error(s), 0 left on base; Calgary 0 - Mile High 0
BOTTOM OF THE 2ND
Mile High Broncos batting - Pitching for Calgary Cowboys : RHP Bert Killick
Batting: RHB Vincente Ventura 0-0: Called Strike
0-1: Swinging Strike
0-2: Ball
1-2: Fly out, F2 (Popup, 2RF)
Batting: LHB Bill Houston 0-0: Ball
1-0: Ball
2-0: Ball
3-0: Called Strike
3-1: Base on Balls
Batting: SHB Tom Stevens 0-0: Ball
1-0: Called Strike
1-1: Ball
2-1: Ball
3-1: Called Strike
3-2: Base on Balls
Bill Houston to second
Batting: RHB Terry Fuller 0-0: Foul Ball, location: 2F
0-1: Swinging Strike
0-2: Ball
1-2: Foul Ball, location: 2F
1-2: Foul Ball, location: 2F
1-2: Ball
2-2: Strikes out looking
Batting: RHB José Rodríguez 0-0: Foul Ball, location: 2F
0-1: Ball
1-1: 3-RUN HOME RUN (Flyball, 7D), Distance : 424 ft
Batting: RHB Francisco Medina 0-0: Ball
1-0: Ground out 5-3 (Groundball, 5)
Bottom of the 2nd over - 3 run(s), 1 hit(s), 0 error(s), 0 left on base; Calgary 0 - Mile High 3
TOP OF THE 3RD
Calgary Cowboys batting - Pitching for Mile High Broncos : RHP John Burris
Batting: RHB Jesús Hernández 0-0: Foul Ball, location: 2F
0-1: Fly out, F7 (Flyball, 78M)
Batting: RHB Tom Yarbrough 0-0: Called Strike
0-1: Foul Ball, location: 2F
0-2: Strikes out swinging
Batting: RHB Clark Hodge 0-0: Swinging Strike
0-1: Ball
1-1: Called Strike
1-2: Strikes out looking
Top of the 3rd over - 0 run(s), 0 hit(s), 0 error(s), 0 left on base; Calgary 0 - Mile High 3
BOTTOM OF THE 3RD
Mile High Broncos batting - Pitching for Calgary Cowboys : RHP Bert Killick
Batting: RHB Juan Gonzáles 0-0: Ball
1-0: Foul Ball, location: 2F
1-1: Ball
2-1: Swinging Strike
2-2: Ball
3-2: Foul Ball, location: 2F
3-2: Strikes out swinging
Batting: RHB Juan Jose Guevana 0-0: Called Strike
0-1: Ground out 5-3 (Groundball, 56S)
Batting: RHB José Herrera 0-0: Ball
1-0: Foul Ball, location: 2F
1-1: Ball
2-1: Foul Ball, location: 2F
2-2: Ball
3-2: Foul Ball, location: 2F
3-2: Foul Ball, location: 2F
3-2: Fly out, F7 (Line Drive, 7S)
Bottom of the 3rd over - 0 run(s), 0 hit(s), 0 error(s), 0 left on base; Calgary 0 - Mile High 3
TOP OF THE 4TH
Calgary Cowboys batting - Pitching for Mile High Broncos : RHP John Burris
Batting: RHB Mike Wilcox 0-0: Ball
1-0: Ball
2-0: Ball
3-0: Foul Ball, location: 2F
3-1: Base on Balls
Batting: RHB Dan Wyatt 0-0: Ball
1-0: Foul Ball, location: 2F
1-1: Ball
2-1: Swinging Strike
2-2: Foul Ball, location: 2F
2-2: Fielders Choice at 2nd, 5-4 (Groundball, 56)
Batting: RHB Ramón Martínez 0-0: Ball
1-0: Called Strike
1-1: Foul Ball, location: 2F
1-2: Strikes out looking
Batting: RHB Derek Carr 0-0: Ball
1-0: Ball
2-0: Fly out, F9 (Line Drive, 89M)
Top of the 4th over - 0 run(s), 0 hit(s), 0 error(s), 1 left on base; Calgary 0 - Mile High 3
BOTTOM OF THE 4TH
Mile High Broncos batting - Pitching for Calgary Cowboys : RHP Bert Killick
Batting: RHB Vincente Ventura 0-0: Called Strike
0-1: Called Strike
0-2: Ball
1-2: Strikes out swinging
Batting: LHB Bill Houston 0-0: Foul Ball, location: 2F
0-1: Ball
1-1: Ball
2-1: Ball
3-1: Fly out, F2 (Popup, 13S)
Batting: SHB Tom Stevens 0-0: Called Strike
0-1: Ball
1-1: Ball
2-1: Ball
3-1: Base on Balls
Batting: RHB Terry Fuller 0-0: Called Strike
0-1: Ball
Tom Stevens steals 2nd base
1-1: Foul Ball, location: 2F
1-2: Strikes out swinging
Bottom of the 4th over - 0 run(s), 0 hit(s), 0 error(s), 1 left on base; Calgary 0 - Mile High 3
TOP OF THE 5TH
Calgary Cowboys batting - Pitching for Mile High Broncos : RHP John Burris
Batting: LHB Freddy Herrera 0-0: Swinging Strike
0-1: Ball
1-1: Bunt missed!
1-2: DOUBLE (Groundball, 5L)
Batting: RHB Shayne Burry 0-0: Foul Ball, location: 2F
0-1: Ball
1-1: Ball
2-1: Ground out 5-3 (Groundball, 56)
Batting: RHB Jesús Hernández 0-0: Swinging Strike
0-1: Ball
1-1: Foul Ball, location: 2F
1-2: Ball
2-2: Foul Ball, location: 2F
2-2: Fly out, F9 (Flyball, 89M)
Batting: RHB Tom Yarbrough 0-0: Ground out 5-3 (Groundball, 5L)
Top of the 5th over - 0 run(s), 1 hit(s), 0 error(s), 1 left on base; Calgary 0 - Mile High 3
BOTTOM OF THE 5TH
Mile High Broncos batting - Pitching for Calgary Cowboys : RHP Bert Killick
Batting: RHB José Rodríguez 0-0: Called Strike
0-1: Ball
1-1: Ball
2-1: Ball
3-1: Foul Ball, location: 2F
3-2: Base on Balls
Batting: RHB Francisco Medina 0-0: Called Strike
José Rodríguez steals 2nd base
0-1: Ground out 5-3 (Groundball, 5L)
Batting: RHB Juan Gonzáles 0-0: Ball
1-0: Called Strike
1-1: Fly out, F8 (Flyball, 8LM)
Batting: RHB Juan Jose Guevana 0-0: Fly out, F8 (Flyball, 8RXD)
Bottom of the 5th over - 0 run(s), 0 hit(s), 0 error(s), 1 left on base; Calgary 0 - Mile High 3
TOP OF THE 6TH
Calgary Cowboys batting - Pitching for Mile High Broncos : RHP John Burris
Batting: RHB Clark Hodge 0-0: Ball
1-0: Foul Ball, location: 2F
1-1: Foul Ball, location: 2F
1-2: Ball
2-2: Ball
3-2: Foul Ball, location: 2F
3-2: Strikes out looking
Batting: RHB Mike Wilcox 0-0: Ball
1-0: Called Strike
1-1: Foul Ball, location: 2F
1-2: Strikes out swinging
Batting: RHB Dan Wyatt 0-0: Ball
1-0: Swinging Strike
1-1: Ground out 5-3 (Groundball, 5S)
Top of the 6th over - 0 run(s), 0 hit(s), 0 error(s), 0 left on base; Calgary 0 - Mile High 3
BOTTOM OF THE 6TH
Mile High Broncos batting - Pitching for Calgary Cowboys : RHP Bert Killick
Batting: RHB José Herrera 0-0: Called Strike
0-1: Fly out, F8 (Flyball, 8LM)
Batting: RHB Vincente Ventura 0-0: Swinging Strike
0-1: Foul Ball, location: 2F
0-2: Strikes out swinging
Batting: LHB Bill Houston 0-0: Ball
1-0: Ball
2-0: Ball
3-0: Called Strike
3-1: Foul Ball, location: 2F
3-2: Strikes out looking
Bottom of the 6th over - 0 run(s), 0 hit(s), 0 error(s), 0 left on base; Calgary 0 - Mile High 3
TOP OF THE 7TH
Calgary Cowboys batting - Pitching for Mile High Broncos : RHP John Burris
Batting: RHB Ramón Martínez 0-0: Ball
1-0: Foul Ball, location: 2F
1-1: Ball
2-1: Ball
3-1: Called Strike
3-2: Fly out, F9 (Flyball, 89D)
Batting: RHB Derek Carr 0-0: Called Strike
0-1: Ball
1-1: Ball
2-1: Ball
3-1: Swinging Strike
3-2: Base on Balls
Batting: LHB Freddy Herrera 0-0: Ball
1-0: Ball
Derek Carr is caught stealing 2nd base
2-0: Foul Ball, location: 2F
2-1: Foul Ball, location: 2F
2-2: Fly out, F6 (Popup, 6MD)
Top of the 7th over - 0 run(s), 0 hit(s), 0 error(s), 0 left on base; Calgary 0 - Mile High 3
BOTTOM OF THE 7TH
Mile High Broncos batting - Pitching for Calgary Cowboys : RHP Bert Killick
Pitching: RHP Mitsunari Jouda
Batting: SHB Tom Stevens 0-0: Ball
1-0: Ball
2-0: Ball
3-0: Base on Balls
Batting: RHB Terry Fuller 0-0: Sac Bunt - play at first, batter OUT! 1-3
Tom Stevens to second
Batting: RHB José Rodríguez 0-0: Intentional Walk
Batting: RHB Francisco Medina 0-0: Called Strike
0-1: Ball
1-1: Ball
2-1: Ball
3-1: Foul Ball, location: 2F
3-2: Fly out, F7 (Flyball, 78S)
3-2: Lined into DP, 7-4 (Flyball, 78S)
Bottom of the 7th over - 0 run(s), 0 hit(s), 0 error(s), 1 left on base; Calgary 0 - Mile High 3
TOP OF THE 8TH
Calgary Cowboys batting - Pitching for Mile High Broncos : RHP John Burris
Pitching: LHP Jorge García
Batting: RHB Shayne Burry 0-0: Called Strike
0-1: Ball
1-1: Ball
2-1: Ball
3-1: Swinging Strike
3-2: Strikes out swinging
Batting: RHB Jesús Hernández 0-0: Called Strike
0-1: Ball
1-1: Swinging Strike
1-2: Strikes out swinging
Batting: RHB Tom Yarbrough 0-0: Called Strike
0-1: Foul Ball, location: 2F
0-2: Ball
1-2: Ball
2-2: Strikes out swinging
Top of the 8th over - 0 run(s), 0 hit(s), 0 error(s), 0 left on base; Calgary 0 - Mile High 3
BOTTOM OF THE 8TH
Mile High Broncos batting - Pitching for Calgary Cowboys : RHP Mitsunari Jouda
Batting: RHB Juan Gonzáles 0-0: Ball
1-0: Ball
2-0: SINGLE (Line Drive, 34)
Batting: RHB Juan Jose Guevana 0-0: Foul Ball, location: 2F
0-1: Ball
1-1: Ball
2-1: Ball
3-1: Base on Balls
Juan Gonzáles to second
Batting: RHB José Herrera 0-0: Ball
1-0: Ball
2-0: Ball
3-0: Called Strike
3-1: Base on Balls
Juan Gonzáles to third
Juan Jose Guevana to second
Batting: RHB Vincente Ventura 0-0: Ball
1-0: Called Strike
1-1: Ball
2-1: Ball
3-1: Base on Balls
Juan Gonzáles scores
Juan Jose Guevana to third
José Herrera to second
Batting: LHB Bill Houston 0-0: Ball
1-0: Called Strike
1-1: Ball
2-1: Called Strike
2-2: Ball
3-2: Base on Balls
Juan Jose Guevana scores
José Herrera to third
Vincente Ventura to second
Pitching: LHP Mario Rosário
Batting: SHB Tom Stevens 0-0: Ball
1-0: Foul Ball, location: 2F
1-1: Swinging Strike
1-2: Strikes out swinging
Batting: RHB Terry Fuller 0-0: Called Strike
0-1: Ball
1-1: Fly out, F8 (Flyball, 8LXD)
Runner from 3rd tags up, SCORES, no throw
Vincente Ventura to third
Batting: RHB José Rodríguez 0-0: Ball
1-0: TRIPLE (Line Drive, 89S)
Vincente Ventura scores
Bill Houston scores
Batting: RHB Francisco Medina 0-0: Swinging Strike
0-1: Swinging Strike
0-2: Foul Ball, location: 2F
0-2: Ball
1-2: Strikes out swinging
Bottom of the 8th over - 5 run(s), 2 hit(s), 0 error(s), 1 left on base; Calgary 0 - Mile High 8
TOP OF THE 9TH
Calgary Cowboys batting - Pitching for Mile High Broncos : LHP Jorge García
Batting: RHB Clark Hodge 0-0: Ball
1-0: Called Strike
1-1: Foul Ball, location: 2F
1-2: Ball
2-2: Strikes out looking
Batting: RHB Mike Wilcox 0-0: Ball
1-0: Ball
2-0: Ball
3-0: Foul Ball, location: 2F
3-1: Base on Balls
Batting: RHB Dan Wyatt 0-0: Ground out U3 (Groundball, 3S)
Mike Wilcox to second
Batting: RHB Ramón Martínez 0-0: Ball
1-0: Foul Ball, location: 2F
1-1: DOUBLE (Line Drive, 8LXD)
Mike Wilcox scores
Batting: RHB Derek Carr 0-0: Ball
1-0: Called Strike
1-1: Foul Ball, location: 2F
Balk!
Ramón Martínez to third
1-2: Ball
2-2: Strikes out swinging
Top of the 9th over - 1 run(s), 1 hit(s), 0 error(s), 1 left on base; Calgary 1 - Mile High 8
This league is powered by Out of the Park Baseball, the baseball management simulation game for PC, Mac and Linux
Saturday, April 9th, 2016 - OOTP Baseball 16.8 Build 38